 Dungeon Crawl Stone Soup version 0.28.0-53-g5a82cb258f (webtiles) character file.

Game seed: 3562927824069062331

479 jiml777 the Digger (level 7, -7/38 HPs)
             Began as a Gargoyle Earth Elementalist on June 9, 2022.
             Mangled by Menkaure (16 damage)
             ... on level 4 of the Dungeon.
             The game lasted 00:14:12 (3477 turns).

jiml777 the Digger (Gargoyle Earth Elementalist)    Turns: 3477, Time: 00:14:13

Health: -7/38      AC: 10    Str: 11    XL:     7   Next: 11%
Magic:  11/13      EV: 12    Int: 18    God:
Gold:   91         SH:  0    Dex: 10    Spells: 11/12 levels left

rFire   . . .      SeeInvis .   g - +3 short sword
rCold   + . .      Faith    .   (no shield)
rNeg    + . .      Spirit   .   k - +1 robe {rC+}
rPois   ∞          Reflect  .   (helmet restricted)
rElec   +          Harm     .   e - +0 cloak
rCorr   .          Rampage  .   h - +0 pair of gloves
Will    .....                   (no boots)
Stlth   +.........              (no amulet)
HPRegen 0.12/turn               (no ring)
MPRegen 0.13/turn               (no ring)

@: confused, ambrosia-drunk, attractive
A: sickness immunity, AC +4, negative energy resistance 1, electricity
resistance, torment resistance 1, petrification resistance, beak, high MP 1
a: no special abilities


You were on level 4 of the Dungeon.
You visited 1 branch of the dungeon, and saw 4 of its levels.

You collected 91 gold pieces.

Inventory:

Hand Weapons
 g - a +3 short sword (weapon)
Missiles
 c - 84 stones
 d - 32 sling bullets
Armour
 b - a +0 robe
 e - a +0 cloak (worn)
 h - a +0 pair of gloves (worn)
 k - a +1 robe of cold resistance (worn)
 m - a +2 helmet
Wands
 j - a wand of flame (2)
Scrolls
 a - a scroll of enchant weapon {unknown}
 f - a scroll of enchant armour {unknown}
 i - 2 scrolls of identify {unknown}
 n - a scroll of teleportation {unknown}


   Skills:
 + Level 1.6 Fighting
 + Level 3.4 Short Blades
 - Level 1.5 Armour
 + Level 2.5 Dodging
 + Level 3.3 Stealth
 * Level 3.3 Spellcasting
 + Level 0.8 Transmutations
 * Level 5.0 Earth Magic


You had 11 spell levels left.
You knew the following spells:

 Your Spells              Type           Power      Damage    Failure   Level
a - Sandblast             Erth           40%        2d10      1%          1

Your spell library contained the following spells:

 Spells                   Type           Power      Damage    Failure   Level
 Passwall                 Tmut/Erth      10%        N/A       7%          2
 Stone Arrow              Conj/Erth      22%        3d8       17%         3
 Petrify                  Tmut/Erth      13%        N/A       43%         4


Dungeon Overview and Level Annotations

Branches:
Dungeon (4/15)
 Temple: D:4-7

Altars:
Makhleb

Annotations:
D:4 Menkaure


Innate Abilities, Weirdness & Mutations

You are immune to sickness and miasma.
Your stone body is resilient. (AC +4)
You are immune to poison.
You resist negative energy. (rN+)
You are resistant to electric shocks. (rElec)
You are resistant to unholy torment.
You are immune to petrification.
You have a beak for a mouth.
You have an increased reservoir of magic. (+10% MP)


Message History

The iguana is almost dead.
The adder bites you but does no damage.
The iguana bites you but does no damage.
Casting: Sandblast (safe; 1% risk of failure)
Confirm with . or Enter, or press ? or * to list all spells.
Aiming: Sandblast (safe; 1% risk of failure)
Press: ? - help, Shift-Dir - straight line, f/p - iguana
Aim: an iguana (almost dead, 83% to hit)
The blast of sand hits the iguana.
You kill the iguana!
Menkaure hits you but does no damage. The adder bites you but does no damage.
Menkaure hits you!
Your Earth Magic skill increases to level 5!
Casting: Sandblast (safe; 1% risk of failure)
Confirm with . or Enter, or press ? or * to list all spells.
Aiming: Sandblast (safe; 1% risk of failure)
Press: ? - help, Shift-Dir - straight line, f - Menkaure
Aim: Menkaure (fast, 91% to hit)
The blast of sand hits Menkaure but does no damage.
The adder bites you but does no damage. Menkaure hits you.
* * * LOW HITPOINT WARNING * * *
The adder barely misses you.
It was a potion of attraction.
You feel attractive to monsters.
Menkaure calls on the powers of darkness!
The adder convulses!
Your body is wracked with pain!
* * * LOW HITPOINT WARNING * * *
The adder bites you but does no damage.
It was a potion of mutation.
You feel extremely strange.
Your mouth lengthens and hardens into a beak!
Your +2 helmet falls away!
You feel more energetic. The adder bites you.
* * * LOW HITPOINT WARNING * * *
Menkaure closely misses you.
It was a potion of ambrosia.
You are confused.
You feel invigorated. The adder bites you but does no damage.
Menkaure hits you!
You die...

...........#...#
.#.#.##.#.#...#
.........)#...#
.#.#.##.#)#...#
#.#.##.#.#...#
#.....[#.#...#
#............#
#........#..##
#@S......#..#
#.M.##.#.# ##
#...##.#.#
..........#
###......#.#
#..####### ...#
##.## #.


You could see Menkaure (fast) and an adder.

Vanquished Creatures
  Sigmund (D:2)
  A hound (D:4)
  An iguana (D:4)
  Natasha (thrice) (D:2)
  An orc wizard (D:4)
  Robin (D:2)
  4 gnolls (D:3)
  4 adders
  A worm (D:2)
  2 dart slugs
  4 orcs (D:4)
  3 endoplasms
  2 giant cockroaches
  11 hobgoblins
  4 jackals (D:1)
  8 kobolds
  2 quokkas
  6 ball pythons
  5 bats
  2 frilled lizards
  9 goblins
  6 rats
81 creatures vanquished.

Notes
Turn   | Place    | Note
-------+----------+-------------------------------------------
     0 | D:1      | jiml777 the Gargoyle Earth Elementalist began the quest for
                  | the Orb.
     0 | D:1      | Reached XP level 1. HP: 10/10 MP: 3/3
   168 | D:1      | Reached XP level 2. HP: 15/15 MP: 3/5
   409 | D:1      | Reached skill level 4 in Earth Magic
   715 | D:1      | Reached XP level 3. HP: 15/19 MP: 6/6
  1128 | D:2      | Noticed Natasha
  1158 | D:2      | Killed Natasha
  1159 | D:2      | Reached skill level 1 in Short Blades
  1159 | D:2      | Reached XP level 4. HP: 16/24 MP: 5/7
  1265 | D:2      | Noticed Sigmund
  1270 | D:2      | Killed Sigmund
  1271 | D:2      | Reached skill level 1 in Fighting
  1271 | D:2      | Reached skill level 1 in Armour
  1271 | D:2      | Reached XP level 5. HP: 21/29 MP: 4/9
  1271 | D:2      | Reached XP level 6. HP: 24/34 MP: 4/10
  1526 | D:2      | Noticed Natasha
  1533 | D:2      | Killed Natasha
  1538 | D:2      | Noticed Natasha
  1548 | D:2      | Killed Natasha
  1998 | D:3      | Noticed Robin
  2023 | D:2      | Killed Robin
  2023 | D:2      | HP: 1/34 [goblin/+0 club[Robin] (2)]
  2516 | D:3      | Found a burning altar of Makhleb.
  2557 | D:3      | Found a faded altar of an unknown god.
  3442 | D:4      | Reached XP level 7. HP: 33/38 MP: 11/11
  3467 | D:4      | Noticed Menkaure
  3474 | D:4      | Reached skill level 5 in Earth Magic
  3476 | D:4      | Gained mutation: You have a beak for a mouth. [potion of
                  | mutation]
  3476 | D:4      | Gained mutation: You have an increased reservoir of magic.
                  | (+10% MP) [potion of mutation]
  3477 | D:4      | Mangled by Menkaure

Illustrated notes

Levels and vault maps discovered:
D:1:      sevenhm_arrival_forest_fort_small_4, layout_loops_cross,
          minmay_misc_feat_five
D:2:      layout_basic, uniq_sigmund, uniq_natasha
D:3:      layout_basic, bloody_makhleb, ebering_ecumenical_altar_box,
          minmay_hedge_maze, uniq_robin
D:4:      layout_basic, uniq_menkaure

Skill      XL: |  1  2  3  4  5  6  7 |
---------------+----------------------+-----
Earth Magic    | 4 5 |  5.0
Short Blades   | 1 2 3 |  3.4
Dodging        | 2 |  2.5
Fighting       | 1 |  1.6
Armour         | 1 |  1.5
Stealth        | 3 |  3.3
Spellcasting   | 3 |  3.3
Transmutations | |  0.8

Action                   |  1- 3 |  4- 6 |  7- 9 || total
-------------------------+-------+-------+-------++-------
Melee: Unarmed           |     8 |       |       ||     8
       Short sword       |    65 |   184 |    18 ||   267
       Punch             |       |     3 |       ||     3
 Cast: Sandblast         |    18 |    10 |     4 ||    32
  Use: Potion            |       |       |     3 ||     3
 Stab: Sleeping          |     2 |     3 |       ||     5
Armor: Robe              |    13 |    83 |    18 ||   114
       Leather armour    |    30 |       |       ||    30
Dodge: Dodged            |    43 |   108 |    22 ||   173
